 Dungeon Crawl Stone Soup version 0.30.0-29-ga12c61a403 (webtiles) character file.

Game seed: 8636228977608937166

142 seaoflcl the Magician (level 5, -4/35 HPs)
             Began as a Djinni Fire Elementalist on June 4, 2023.
             Killed from afar by Natasha (10 damage)
             ... with a magic dart
             ... on level 3 of the Dungeon.
             The game lasted 00:10:44 (1880 turns).

seaoflcl the Magician (Djinni Fire Elementalist)    Turns: 1880, Time: 00:10:45

Health: -4/35      AC:  2    Str:  7    XL:     5   Next: 49%
Gold:   177        EV: 18    Int: 18    God:
                   SH:  0    Dex: 14

rFire   + + .        g - staff of cold
rCold   . . .        (no shield)
rNeg    . . .        a - +0 robe
rPois   ∞            (no helmet)
rElec   .            (no cloak)
rCorr   .            (no gloves)
SInv    .            (boots unavailable)
Will    .....        (no amulet)
Stlth   ++           m - +5 ring of evasion
HPRegen 0.25/turn    (no ring)
MPRegen 0.00/turn

%: infuse magic (-5 HP)
@: flying
A: sickness immunity, fire resistance 2, cold vulnerability 1, float, innate
caster, HP casting, extra vitality 1
a: no special abilities


You were on level 3 of the Dungeon.
You visited 1 branch of the dungeon, and saw 3 of its levels.

You collected 177 gold pieces.

Inventory:

Hand Weapons
 e - a +1 falchion of electrocution
 h - a +2 short sword of freezing
Armour
 a - a +0 robe (worn)
Magical Staves
 g - a staff of cold (weapon)
Jewellery
 m - a +5 ring of evasion (left hand)
Scrolls
 d - a scroll of enchant armour {unknown}
 i - 2 scrolls of fog
 j - 3 scrolls of teleportation
 l - a scroll of blinking {unknown}
 p - a scroll of immolation {unknown}
 q - a scroll of fear {unknown}
Potions
 b - 2 potions of might
 c - a potion of brilliance
 f - a potion of curing {unknown}
 k - a potion of cancellation {unknown}
 n - a potion of heal wounds {unknown}
 o - 3 potions of lignification {unknown}
 r - a potion of ambrosia {unknown}


   Skills:
 + Level 0.1 Fighting
 + Level 3.5 Dodging
 + Level 2.1 Stealth
 + Level 3.5 Spellcasting
 * Level 1.2 Evocations


You knew the following spells:

 Your Spells              Type           Power      Damage    Failure   Level
a - Foxfire               Conj/Fire      64%        2x1d7     3%          1
b - Scorch                Fire           32%        2d6       5%          2
c - Volatile Blastmotes   Fire/Tloc      32%        2d12      11%         3
d - Inner Flame           Hex/Fire       16%        N/A       11%         3
e - Flame Wave            Conj/Fire      16%        2d7       34%         4
f - Necrotise             Necr           64%        1d7       3%          1
g - Passwall              Tmut/Erth      13%        N/A       5%          2
Your spell library was empty.

Dungeon Overview and Level Annotations

Branches:
Dungeon (3/15)

Altars:
Zin

Annotations:
D:3 Natasha


Innate Abilities, Weirdness & Mutations

You are immune to sickness and miasma.
You are immune to poison.
Your flesh is very heat resistant. (rF++)
You are vulnerable to cold. (rC-)
You float through the air rather than walking.
You learn spells naturally, not from books.
Your magical power is your life essence.
You have superior vitality. (+4 MHP)


Message History

The cerulean imp is heavily wounded.
The foxfire hits the cerulean imp.
The cerulean imp is almost dead.
The cerulean imp hits you from afar with a +0 spear.
The cerulean imp misses you.
Casting: Foxfire (safe; 3% risk of failure)
Confirm with . or Enter, or press ? or * to list all spells.
You conjure some foxfire!
The cerulean imp barely misses you.
The cerulean imp hits you from afar with a +2 spear.
* * * LOW HITPOINT WARNING * * *
Your foxfire dissipates!
The foxfire hits the cerulean imp but does no damage.
Casting: Foxfire (safe; 3% risk of failure)
Confirm with . or Enter, or press ? or * to list all spells.
You conjure some foxfire!
* * * LOW HITPOINT WARNING * * *
The cerulean imp barely misses you.
Your foxfire dissipates!
The foxfire hits the cerulean imp.
The cerulean imp is lightly wounded.
Casting: Foxfire (safe; 3% risk of failure)
Confirm with . or Enter, or press ? or * to list all spells.
You conjure some foxfire!
* * * LOW HITPOINT WARNING * * *
The cerulean imp disappears in a puff of smoke!
Your foxfire dissipates!
The foxfire hits the cerulean imp.
You kill the cerulean imp!
The cerulean imp disappears in a puff of smoke!
Casting: Foxfire (safe; 3% risk of failure)
Confirm with . or Enter, or press ? or * to list all spells.
You conjure some foxfire!
* * * LOW HITPOINT WARNING * * *
The foxfire hits Natasha.
Natasha is heavily wounded.
The foxfire hits Natasha!
Natasha is almost dead.
Natasha stares at you and mumbles some strange words.
The magic dart hits you!
You die...

#........# #.# .## !#
#........# #.# .
##....########.# .
#....'......#.# ..
#....#####....# .###
######....##.......#
######.h5...
..........##.......#
#..h....$..l
..........#####....###.#
.....
†...............@..h.l.#
.....
......##################
..... ......# .####
......# . ......# .#
####### #. #


You could see Natasha and a frilled lizard.

Vanquished Creatures
  5 adders
  2 worms
  A dart slug (D:2)
  2 orcs (D:3)
  5 endoplasms
  3 giant cockroaches (D:3)
  6 goblins
  7 hobgoblins
  10 jackals
  3 quokkas
  8 ball pythons
  6 bats
  7 frilled lizards
  9 kobolds
  7 rats
81 creatures vanquished.

Vanquished Creatures (others)
  168 foxfires
168 creatures vanquished.

Grand Total: 249 creatures vanquished

Notes
Turn   | Place    | Note
-------+----------+-------------------------------------------
     0 | D:1      | seaoflcl the Djinni Fire Elementalist began the quest for
                  | the Orb.
     0 | D:1      | seaoflcl set off with the following spells memorised:
                  | Foxfire, Scorch, Volatile Blastmotes, Inner Flame, Flame
                  | Wave.
     0 | D:1      | Reached XP level 1. HP: 15/15 MP: 0/0
   147 | D:1      | Reached XP level 2. HP: 20/21 MP: 0/0
   322 | D:1      | Reached XP level 3. HP: 16/25 MP: 0/0
   322 | D:1      | Learned a level 1 spell: Necrotise
   941 | D:2      | Reached XP level 4. HP: 26/31 MP: 0/0
  1222 | D:2      | Found a glowing silver altar of Zin.
  1285 | D:2      | Reached skill level 1 in Evocations
  1476 | D:3      | Noticed Natasha
  1484 | D:3      | Reached XP level 5. HP: 34/35 MP: 0/0
  1484 | D:3      | Learned a level 2 spell: Passwall
  1880 | D:3      | Killed from afar by Natasha

Illustrated notes

Levels and vault maps discovered:
D:1:      wheals_arrival_shading, layout_rooms
D:2:      layout_rooms, basic_altar, minmay_three_crescents
D:3:      layout_basic, serial_shops, nicolae_shop_hallway_stairs, st_stairs_7,
          uniq_natasha

Skill      XL: |  1  2  3  4 |
---------------+-------------+-----
Stealth        | 2 |  2.1
Spellcasting   | 3 |  3.5
Dodging        | 3 |  3.5
Evocations     | 1 |  1.2
Fighting       | |  0.1

Action                     |  1- 3 |  4- 6 || total
---------------------------+-------+-------++-------
  Melee: Unarmed           |     6 |       ||     6
         Staff             |     7 |     1 ||     8
   Cast: Foxfire           |    57 |    62 ||   119
         Scorch            |     8 |    20 ||    28
         Necrotise         |     1 |     1 ||     2
    Use: Scroll            |       |     4 ||     4
 Armour: Robe              |    20 |     3 ||    23
  Dodge: Dodged            |    64 |    51 ||   115
